 Dungeon Crawl Stone Soup version 0.18.1-50-g88ac8fd (webtiles) character file.

86 Gargoyl the Skirmisher (level 4, 0/37 HPs)
             Began as a Demonspawn Abyssal Knight on Oct 15, 2016.
             Was a Follower of Lugonu.
             Succumbed to a goblin's poison
             ... on level 2 of the Dungeon.
             The game lasted 00:04:14 (2766 turns).

Gargoyl the Skirmisher (Demonspawn Abyssal Knight)  Turns: 2766, Time: 00:04:14

Health: 0/37       AC:  8    Str: 14    XL:     4   Next: 27%
Magic:  6/6        EV: 10    Int: 13    God:    Lugonu [*.....]
Gold:   38         SH:  0    Dex: 12    Spells: 0 memorised, 3 levels left

rFire  . . .     SeeInvis .     a - +1 hand axe
rCold  . . .     Gourm    .     j - +0 ring mail
rNeg   + . .     Faith    .     (no shield)
rPois  .         Spirit   .     (no helmet)
rElec  .         Dismiss  .     (no cloak)
rCorr  .         Reflect  .     (no gloves)
SustAt .         Harm     .     (no boots)
MR     .....                    (no amulet)
Stlth  ++........               (no ring)
                                f - ring of positive energy

@: lethally poisoned (0 -> -8), not resistant to hostile enchantments,
unstealthy
A: slimy green scales 2, nightstalker 1
a: Depart the Abyss, Renounce Religion


You were on level 2 of the Dungeon.
You worshipped Lugonu.
Lugonu was aware of your devotion.
You were not hungry.

You visited 1 branch of the dungeon, and saw 3 of its levels.
You visited the Abyss 1 time.

You collected 38 gold pieces.

Inventory:

Hand Weapons
 a - a +1 hand axe (weapon)
Armour
 j - a +0 ring mail (worn)
Jewellery
 f - a ring of positive energy (left hand)
Scrolls
 e - a scroll of identify {unknown}
 g - a scroll of teleportation {unknown}
 i - 2 scrolls of remove curse {unknown}
 n - 3 scrolls of fog {unknown}
 o - a scroll of magic mapping {unknown}
 p - 2 scrolls of enchant weapon {unknown}
 q - a scroll of immolation {unknown}
Comestibles
 c - a bread ration
 d - 4 fruits
 h - a meat ration
 l - 2 beef jerkies
 r - 4 chunks of flesh


   Skills:
 + Level 3.8 Fighting
 + Level 2.1 Axes
 * Level 2.6 Armour
 + Level 1.4 Dodging
 * Level 3.1 Invocations


You had 3 spell levels left.
You didn't know any spells.

Dungeon Overview and Level Annotations

Branches:
Dungeon (3/15)

Altars:
Makhleb
Okawaru

Annotations:
D:3 Robin


Innate Abilities, Weirdness & Mutations

You are mostly covered in slimy green scales (AC +3).
You are slightly more attuned to the shadows.


Message History

You feel sick.
Drink which item? (? for menu, Esc to quit)
It has a very clean taste.
You regain control of your magic.
You feel agile.
You feel robust.
* * * LOW HITPOINT WARNING * * *
You feel sick.
* * * LOW HITPOINT WARNING * * *
You feel sick.
* * * LOW HITPOINT WARNING * * *
You feel sick.
* * * LOW HITPOINT WARNING * * *
You feel sick.
* * * LOW HITPOINT WARNING * * *
You feel sick.
Unknown command.
Unknown command.
Unknown command.
* * * LOW HITPOINT WARNING * * *
You feel sick.
You die...

.# #...###)#####.#######).......
.######.....# #.# ##...###..<
..........### #.# ##.#.#.###..
.######.#.#######(# ##.##.##.###.
>..............##.###.###.###.##.
.######...####.##.>..............
.# ###.####.##.###.###.###.##.
.########...>).....#.............
............))..@..#.##...#.####.
####.##..#..##.##....##....## #.
........###....###.####.#### #.
####.##..#..#### #.# #.# ##
.....###...## #.# #.#
#########.## #.# ##.##
..........# #.###.#.##
########### #.##.###.### #.).##
##..#


There were no monsters in sight!

Vanquished Creatures
  4 adders
  A worm (D:2)
  3 dart slugs
  A giant gecko (D:2)
  4 bats (D:2)
  9 goblins
  5 hobgoblins
  5 kobolds
  2 ball pythons (D:2)
  2 giant newts (D:1)
  3 rats
39 creatures vanquished.

Notes
Turn   | Place    | Note
--------------------------------------------------------------
     0 | Abyss:1  | Gargoyl the Demonspawn Abyssal Knight began the quest for the Orb.
     0 | Abyss:1  | Reached XP level 1. HP: 18/18 MP: 2/2
    93 | Abyss:1  | Noticed a large abomination
   134 | Abyss:1  | Noticed a soul eater
   159 | D:1      | Escaped the Abyss
   415 | D:1      | Reached skill level 1 in Dodging
   761 | D:1      | Gained mutation: You are partially covered in slimy green scales (AC +2). [demonic ancestry]
   761 | D:1      | Reached XP level 2. HP: 22/24 MP: 3/3
  1046 | D:2      | Reached * piety under Lugonu
  1444 | D:2      | Gained mutation: You are slightly more attuned to the shadows. [demonic ancestry]
  1444 | D:2      | Reached XP level 3. HP: 30/30 MP: 3/5
  2138 | D:2      | Gained mutation: You are mostly covered in slimy green scales (AC +3). [demonic ancestry]
  2138 | D:2      | Reached XP level 4. HP: 20/37 MP: 6/6
  2430 | D:2      | Found an iron altar of Okawaru.
  2558 | D:2      | Found a burning altar of Makhleb.
  2558 | D:2      | Noticed a balrug
  2738 | D:3      | Noticed Robin
  2748 | D:2      | Gained mutation: Your spells are a little harder to cast, but a little more powerful. [potion of mutation]
  2748 | D:2      | Gained mutation: You are frail (-10% HP). [potion of mutation]
  2748 | D:2      | Gained mutation: You are clumsy. (Dex -2) [potion of mutation]
  2759 | D:2      | Lost mutation: Your spells are a little harder to cast, but a little more powerful. [potion of cure mutation]
  2759 | D:2      | Lost mutation: You are clumsy. (Dex -2) [potion of cure mutation]
  2759 | D:2      | Lost mutation: You are frail (-10% HP). [potion of cure mutation]
  2765 | D:2      | HP: 1/37 [poisoned by a goblin]
  2766 | D:2      | Succumbed to a goblin's poison

Skill      XL: |  1  2  3 |
---------------+----------+-----
Dodging        | 1 |  1.4
Axes           | 2 |  2.1
Armour         | 2 |  2.6
Invocations    | 3 |  3.1
Fighting       | |  3.8

Action                   |  1- 3 |  4- 6 || total
-------------------------+-------+-------++-------
Melee: Hand axe          |   110 |    48 ||   158
Invok: Depart the Abyss  |     1 |       ||     1
  Use: Potion            |       |     4 ||     4
 Stab: Sleeping          |     1 |     1 ||     2
  Eat: Chunk             |     4 |     2 ||     6
Armor: Ring mail         |    53 |    36 ||    89
       Leather armour    |     1 |       ||     1
Dodge: Dodged            |    68 |    39 ||   107
